AoeStats
← ElEmaRnR

Arabia

510467766Analyzed
1v1 RM · 1d ago on Oct 1, 2026· 29m 20s· 2 players
Game mode
Random Map
Map size
Tiny (2 player)
Population
200
Speed
Normal
Resources
Standard
Victory
Conquest
Starting age
Dark Age
Ending age
Imperial Age
RankedLock teamsTeams togetherTeam positionsShared explorationLock speedFull tech treeHidden civsTurbo modeCheats
Victory
Defeat
🇦🇷 Tatars · Argentina
1117
+17
🇨🇳 Slavs · China
1128
-17
ElEmaRnR
7:36 Loom
9:57 Feudal Age
10:10 Man-at-Arms
13:48 Fletching
13:43 Double-Bit Axe
13:39 Horse Collar
21:20 Wheelbarrow
24:31 Castle Age
23:25 Gold Mining
24:33 Crossbowman
25:09 Bodkin Arrow
25:44 Scale Mail Armor
25:47 Pikeman
26:31 Arson
26:48 Squires
27:37 Forging
28:10 Bow Saw
28:37 Hand Cart
28:08 Town Watch
T - T
6:52 Loom
9:33 Feudal Age
11:40 Man-at-Arms
24:04 Castle Age
22:56 Bloodlines
24:01 Forging
23:57 Scale Barding Armor
30:02 Chain Barding Armor
Connection lost

Rejoining the realm…

Still unreachable

The connection could not be restored.

Session expired

The server has moved on; the page needs a fresh start.